 Dungeon Crawl Stone Soup version 0.24.0-41-g2ae2f7f1be (webtiles) character file.

Game seed: 16734316615009654421, levelgen mode: deterministic

116 Curus the Chopper (level 5, -5/49 HPs)
             Began as a Hill Orc Abyssal Knight on Dec 14, 2019.
             Was a Believer of Lugonu.
             Killed by divine providence
             ... invoked by an orc priest
              (16 damage)
             ... on level 3 of the Dungeon.
             The game lasted 00:13:06 (2928 turns).

Curus the Chopper (Hill Orc Abyssal Knight)         Turns: 2928, Time: 00:13:07

Health: -5/49      AC: 11    Str: 15      XL:     5   Next: 0%
Magic:  8/8        EV:  6    Int: 11 (12) God:    Lugonu [**....]
Gold:   144        SH:  0    Dex:  8 (11) Spells: 4/4 levels left

rFire    . . .     SeeInvis .   a - +1 hand axe
rCold    + . .     Gourm    .   (no shield)
rNeg     . . .     Faith    .   j - +0 chain mail
rPois    .         Spirit   .   f - +0 helmet
rElec    .         Reflect  .   (no cloak)
rCorr    .         Harm     .   (no gloves)
MR       +....                  (no boots)
Stlth    ..........             (no amulet)
HPRegen  0.16/turn              i - ring of protection from magic
MPRegen  0.11/turn              (no ring)

@: no status effects
A: iridescent scales 1, cold resistance 1, robust 1
a: Depart the Abyss, Bend Space, Renounce Religion, Convert to Beogh


You were on level 3 of the Dungeon.
You worshipped Lugonu.
Lugonu was pleased with you.
You were hungry.

You visited 1 branch of the dungeon, and saw 4 of its levels.
You visited the Abyss 1 time.

You collected 144 gold pieces.

Inventory:

Hand Weapons
 a - a +1 hand axe (weapon)
Armour
 b - a +0 leather armour
 f - a +0 helmet (worn)
 g - a +1 ring mail
 j - a +0 chain mail (worn)
Jewellery
 i - a ring of protection from magic (left hand)
Scrolls
 d - 4 scrolls of identify
 h - a scroll of teleportation
Potions
 e - a potion of invisibility
Comestibles
 c - 4 rations


   Skills:
 - Level 3.6 Fighting
 + Level 5.0 Axes
 - Level 2.1 Armour
 - Level 0.7 Dodging
 + Level 4.9 Invocations


You had 4 spell levels left.
You didn't know any spells.
Your spell library was empty.

Dungeon Overview and Level Annotations

Branches:
Dungeon (4/15)
 Temple: D:4-7

Altars:
Ashenzari
Qazlal
Sif Muna
Wu Jian

Annotations:
D:4 Sigmund


Innate Abilities, Weirdness & Mutations

You are partially covered in iridescent scales. (AC +2)
Your flesh is cold resistant. (rC+)
You are robust. (+10% HP)


Message History

The orc hits you but does no damage. x2; The orc barely misses you.
The orc priest barely misses you. The orc hits you but does no damage.
You completely miss the orc priest.
The orc priest is lightly wounded.
You closely miss the jackal. You closely miss the orc.
Your chain mail prevents you from hitting the orc.
You hit the orc but do no damage.
Your chain mail prevents you from hitting the orc.
You hit the orc.
You kill the orc!
Lugonu accepts your kill.
You have reached level 5!
You feel stronger. The jackal barely misses you.
The orc hits you but does no damage. x2
The orc hits you.
* * * LOW HITPOINT WARNING * * *
The orc barely misses you.
The orc priest invokes the aid of Beogh against you.
Beogh smites you!
You die...

#######################
#.........#............
#....oo†..#....>.......
#....h@o...............
###....o)o...............
#................##...###
#........................
#.............##.#.......
#####.....................##.
#...............).##......##.
#.........................##.
#..............[.####........


You could see an orc priest, 4 orcs and a jackal.

Vanquished Creatures
  3 gnolls
  2 adders
  An ooze (D:2)
  A worm (D:2)
  2 dart slugs
  A leopard gecko (D:2)
  6 orcs
  3 giant cockroaches
  6 hobgoblins
  4 jackals
  10 kobolds
  2 ball pythons
  2 bats (D:3)
  2 frilled lizards (D:3)
  A goblin (D:3)
  8 rats
54 creatures vanquished.

Notes
Turn   | Place    | Note
-------+----------+-------------------------------------------
     0 | Abyss:1  | Curus the Hill Orc Abyssal Knight began the quest for the
                  | Orb.
     0 | Abyss:1  | Reached XP level 1. HP: 19/19 MP: 2/2
    64 | D:1      | Escaped the Abyss
   240 | D:1      | Reached skill level 3 in Axes
   246 | D:1      | Reached XP level 2. HP: 23/26 MP: 4/4
  1074 | D:2      | Found a stormy altar of Qazlal.
  1221 | D:2      | Reached XP level 3. HP: 16/31 MP: 5/5
  1495 | D:2      | Reached skill level 4 in Axes
  1556 | D:2      | Reached ** piety under Lugonu
  1826 | D:2      | Gained mutation: Your flesh is cold resistant. (rC+)
                  | [potion of mutation]
  1826 | D:2      | Gained mutation: You are partially covered in iridescent
                  | scales. (AC +2) [potion of mutation]
  1826 | D:2      | Gained mutation: You are robust. (+10% HP) [potion of
                  | mutation]
  1918 | D:3      | Reached XP level 4. HP: 9/42 MP: 7/7
  1923 | D:3      | HP: 2/42 [orc/+0 hand axe (6)]
  2067 | D:3      | Found a shimmering blue altar of Sif Muna.
  2067 | D:3      | Found an ornate altar of the Wu Jian Council.
  2068 | D:3      | Found a shattered altar of Ashenzari.
  2915 | D:4      | Noticed Sigmund
  2916 | D:4      | Reached skill level 5 in Axes
  2928 | D:3      | Reached XP level 5. HP: 14/49 MP: 8/8
  2928 | D:3      | Killed from afar by an orc priest

Levels and vault maps discovered:
D:1:      psy_arrival_conway, layout_basic, palyth_stone_intersect,
          minmay_tromino_v2
D:2:      layout_basic, grunt_qazlal_clouds, first_ration, minmay_ruptured
D:3:      layout_basic, chequers_temple_overflow_statue_of_worship
D:4:      layout_rooms, gammafunk_temple_overflow_statue,
          minmay_temple_entry_tees, uniq_ijyb, uniq_sigmund, uniq_blork_the_orc

Skill      XL: |  1  2  3  4 |
---------------+-------------+-----
Axes           | 3 4 5 |  5.0
Invocations    | 3 4 |  4.9
Fighting       | |  3.6
Armour         | |  2.1
Dodging        | |  0.7

Action                   |  1- 3 |  4- 6 || total
-------------------------+-------+-------++-------
Melee: Hand axe          |   121 |    83 ||   204
  Use: Scroll            |     5 |     1 ||     6
       Potion            |     5 |     3 ||     8
 Stab: Invisible         |     1 |       ||     1
  Eat: Chunk             |     3 |     3 ||     6
Armor: Leather armour    |     7 |       ||     7
       Ring mail         |    31 |     7 ||    38
       Chain mail        |       |    67 ||    67
Dodge: Dodged            |    79 |    60 ||   139
